 Dungeon Crawl Stone Soup version 0.28-a0-991-g956f0ee3d5 (webtiles) character file.

Game seed: 14091294148916583753

910 ders the Digger (level 8, -2/41 HPs)
             Began as a Gargoyle Earth Elementalist on Dec 5, 2021.
             Slain by an orc warrior (5 damage)
             ... on level 6 of the Dungeon.
             The game lasted 00:07:44 (6968 turns).

ders the Digger (Gargoyle Earth Elementalist)       Turns: 6968, Time: 00:07:44

Health: -2/41      AC:  7    Str: 13    XL:     8   Next: 8%
Magic:  1/15       EV: 11    Int: 17    God:
Gold:   299        SH:  0    Dex: 10    Spells: 13/17 levels left

rFire   + . .      SeeInvis .   f - +1 dagger (drain)
rCold   x . .      Faith    +   (no shield)
rNeg    + . .      Spirit   .   b - +0 robe
rPois   ∞          Reflect  .   (no helmet)
rElec   +          Harm     .   (no cloak)
rCorr   .          Rampage  .   (no gloves)
Will    .....                   (no boots)
Stlth   ++........              u - amulet of faith
HPRegen 0.13/turn               t - ring of fire
MPRegen 0.14/turn               (no ring)

@: no status effects
A: sickness immunity, AC +5, negative energy resistance 1, electricity
resistance, torment resistance 1, petrification resistance
a: no special abilities


You were on level 6 of the Dungeon.
You visited 1 branch of the dungeon, and saw 6 of its levels.

You collected 299 gold pieces.

Inventory:

Hand Weapons
 f - a +1 dagger of draining (weapon)
Missiles
 c - 100 stones
Armour
 b - a +0 robe (worn)
Jewellery
 t - a ring of fire (left hand)
 u - an amulet of faith (around neck)
 w - a +6 ring of strength
 x - a ring of fire
Scrolls
 a - 5 scrolls of identify {unknown}
 d - 2 scrolls of acquirement {unknown}
 e - a scroll of brand weapon {unknown}
 g - 2 scrolls of silence {unknown}
 i - 2 scrolls of enchant weapon {unknown}
 l - a scroll of magic mapping {unknown}
 n - a scroll of fog {unknown}
 o - a scroll of fear {unknown}
 p - a scroll of teleportation {unknown}
 v - a scroll of vulnerability {unknown}
Potions
 h - a potion of magic {unknown}
 j - a potion of brilliance {unknown}
 k - a potion of ambrosia {unknown}
 m - a potion of lignification {unknown}
 q - a potion of resistance {unknown}
 r - 3 potions of heal wounds {unknown}
 s - 4 potions of curing {unknown}


   Skills:
 - Level 1.5 Dodging
 - Level 2.1 Stealth
 + Level 5.1 Spellcasting
 + Level 5.4 Conjurations
 - Level 0.7 Transmutations
 + Level 7.1 Earth Magic


You had 13 spell levels left.
You knew the following spells:

 Your Spells              Type           Power      Damage    Failure   Level
a - Sandblast             Erth           56%        2d13      1%          1
b - Stone Arrow           Conj/Erth      50%        3d10      3%          3

Your spell library contained the following spells:

 Spells                   Type           Power      Damage    Failure   Level
 Passwall                 Tmut/Erth      14%        N/A       4%          2
 Static Discharge         Conj/Air       13%        N/A       7%          2
 Ensorcelled Hibernation  Hex/Ice        8%         N/A       22%         2
 Petrify                  Tmut/Erth      17%        N/A       28%         4
 Spider Form              Tmut/Pois      5%         N/A       36%         3
 Portal Projectile        Hex/Tloc       8%         N/A       38%         3
 Sticky Flame             Conj/Fire      20%        2d4       43%         4
 Animate Dead             Necr           2%         N/A       80%         4
 Dispel Undead            Necr           4%         3d7       80%         4
 Blade Hands              Tmut           3%         N/A       96%         5
 Excruciating Wounds      Necr           2%         N/A       98%         5
 Summon Forest            Summ/Tloc      2%         N/A       98%         5
 Summon Mana Viper        Hex/Summ       4%         N/A       98%         5
 Summon Cactus Giant      Summ           2%         N/A       100%        6
 Haunt                    Necr/Summ      2%         N/A       100%        7
 Infestation              Necr           2%         N/A       100%        8


Dungeon Overview and Level Annotations

Branches:
Dungeon (6/15)
 Temple: D:4-7

Altars:
Ashenzari
Ru
The Shining One


Innate Abilities, Weirdness & Mutations

You are immune to sickness and miasma.
Your stone body is resilient. (AC +5)
You are immune to poison.
You resist negative energy. (rN+)
You are resistant to electric shocks. (rElec)
You are resistant to unholy torment.
You are immune to petrification.


Message History

Confirm with . or Enter, or press ? or * to list all spells.
Aiming: Stone Arrow (dangerous; 3% risk of failure)
Press: ? - help, Shift-Dir - straight line, f - orc warrior
Aim: an orc warrior, wielding a +0 battleaxe and wearing a +0 plate armour (71% to hit)
The stone arrow misses the orc warrior.
Unknown command.
Casting: Stone Arrow (dangerous; 3% risk of failure)
Confirm with . or Enter, or press ? or * to list all spells.
Aiming: Stone Arrow (dangerous; 3% risk of failure)
Press: ? - help, Shift-Dir - straight line, f/p - orc warrior
Aim: an orc warrior, wielding a +0 battleaxe and wearing a +0 plate armour (71% to hit)
The stone arrow hits the orc warrior but does no damage.
Unknown command.
Casting: Stone Arrow (dangerous; 3% risk of failure)
Confirm with . or Enter, or press ? or * to list all spells.
Aiming: Stone Arrow (dangerous; 3% risk of failure)
Press: ? - help, Shift-Dir - straight line, f/p - orc warrior
Aim: an orc warrior, wielding a +0 battleaxe and wearing a +0 plate armour (71% to hit)
The stone arrow hits the orc warrior!
The orc warrior is heavily wounded.
The orc warrior misses you.
Unknown command.
Casting: Stone Arrow (dangerous; 3% risk of failure)
Confirm with . or Enter, or press ? or * to list all spells.
Aiming: Sandblast (safe; 1% risk of failure)
Press: ? - help, Shift-Dir - straight line, f/p - orc warrior
Aim: an orc warrior, wielding a +0 battleaxe and wearing a +0 plate armour (heavily wounded, 81% to hit)
The blast of sand hits the orc warrior but does no damage.
The orc warrior is heavily wounded.
The orc warrior hits you with a +0 battleaxe!
Unknown command.
The orc warrior hits you with a +0 battleaxe!
The orc warrior hits you with a +0 battleaxe!
* * * LOW HITPOINT WARNING * * *
Okay, then.
You hit the orc warrior but do no damage.
You drain the orc warrior.
The orc warrior is heavily wounded.
The orc warrior hits you with a +0 battleaxe.
You die...

#.# #.# #.# #.## #.# #..#
#.####.# ####### #..##..#
......## ##[##.##
[......######.##.#
<..........##.##.#
....#######.#.##@#
...#..≈≈≈..#..##o#
..#..≈.[.≈..#)##.#
.#...≈._.≈...#.#.####
..#..≈...≈..#.......#
...#..≈≈≈.)#.######..)....
....#######.## ##)....
...........## ....
.....#..##. ...


You could see an orc warrior (drained).

Vanquished Creatures
  An ice beast (D:6)
  A centaur (D:5)
  A water moccasin skeleton (D:3)
  4 wights (D:6)
  A centaur zombie (D:6)
  2 bullfrog skeletons
  2 hounds
  2 orc priests (D:6)
  An iguana (D:4)
  Natasha (thrice) (D:3)
  An orc wizard (D:6)
  Robin (D:4)
  4 adders
  A shadow imp (D:6)
  A white imp (D:5)
  An ufetubus (D:5)
  An adder skeleton (D:4)
  A worm (D:3)
  3 dart slugs
  14 orcs
  5 bats
  6 endoplasms
  6 giant cockroaches
  14 goblins
  10 hobgoblins
  3 jackals (D:5)
  2 quokkas
  9 ball pythons
  4 frilled lizards
  10 kobolds
  6 rats
121 creatures vanquished.

Vanquished Creatures (others)
  A plant (D:1)
1 creature vanquished.

Grand Total: 122 creatures vanquished

Notes
Turn   | Place    | Note
-------+----------+-------------------------------------------
     0 | D:1      | ders the Gargoyle Earth Elementalist began the quest for
                  | the Orb.
     0 | D:1      | Reached XP level 1. HP: 10/10 MP: 3/3
   568 | D:1      | Reached XP level 2. HP: 15/15 MP: 3/5
   638 | D:1      | Reached skill level 1 in Conjurations
   800 | D:1      | Reached skill level 4 in Earth Magic
  1181 | D:1      | Reached XP level 3. HP: 19/19 MP: 4/6
  2396 | D:2      | Found a faded altar of an unknown god.
  2479 | D:3      | Noticed Natasha
  2484 | D:3      | Killed Natasha
  2485 | D:3      | Reached XP level 4. HP: 18/24 MP: 3/8
  2532 | D:3      | Learned a level 3 spell: Stone Arrow
  2678 | D:3      | Noticed Natasha
  2681 | D:3      | Killed Natasha
  2927 | D:3      | Noticed Natasha
  2931 | D:3      | Killed Natasha
  2932 | D:3      | Reached XP level 5. HP: 28/28 MP: 2/9
  3073 | D:3      | Reached skill level 5 in Earth Magic
  3137 | D:3      | Found a glowing golden altar of the Shining One.
  3921 | D:4      | Reached XP level 6. HP: 28/32 MP: 7/11
  3973 | D:4      | Noticed Robin
  4245 | D:4      | Killed Robin
  5074 | D:5      | Entered Level 5 of the Dungeon
  5309 | D:5      | Found a broken altar of Ashenzari.
  5549 | D:5      | Reached skill level 6 in Earth Magic
  5549 | D:5      | Reached XP level 7. HP: 7/36 MP: 6/13
  6276 | D:6      | Reached skill level 5 in Conjurations
  6346 | D:6      | Found a sacrificial altar of Ru.
  6350 | D:6      | Reached skill level 5 in Spellcasting
  6350 | D:6      | Reached skill level 7 in Earth Magic
  6350 | D:6      | Reached XP level 8. HP: 41/41 MP: 8/15
  6968 | D:6      | Slain by an orc warrior

Illustrated notes

Levels and vault maps discovered:
D:1:      psy_arrival_fountain, layout_rooms, minmay_misc_feat_doors,
          chequers_serial_rivers_micro_b
D:2:      layout_basic, shapermc_ecumenical_altar_hornbeckon
D:3:      layout_loops_ring, tso_metal_star, uniq_natasha
D:4:      layout_gridville, minmay_fractal_squares_diagonal_5, uniq_robin
D:5:      layout_rooms, lemuel_round_altar
D:6:      layout_rooms, nemelex_dance_club_becter, nicolae_ru_awakened_eye

Skill      XL: |  1  2  3  4  5  6  7 |
---------------+----------------------+-----
Conjurations   | 1 2 3 4 5 |  5.4
Earth Magic    | 4 5 6 7 |  7.1
Spellcasting   | 3 4 5 |  5.1
Dodging        | |  1.5
Stealth        | |  2.1
Transmutations | |  0.7

Action                   |  1- 3 |  4- 6 |  7- 9 || total
-------------------------+-------+-------+-------++-------
Melee: Unarmed           |     9 |       |       ||     9
       Dagger            |     3 |     8 |     4 ||    15
 Cast: Sandblast         |    55 |   106 |    22 ||   183
       Stone Arrow       |       |    12 |    24 ||    36
Armor: Robe              |    19 |    36 |     6 ||    61
Dodge: Dodged            |    33 |    63 |    14 ||   110

Table legend: (Time is in decaauts)
 A = Elapsed time spent in this place.
 B = Non-inter-level travel time spent in this place.
 C = Inter-level travel time spent in this place.
 D = Time resting spent in this place.
 E = Time spent auto-exploring this place.
 F = Levels seen in this place.
 G = Mean time per level.
                   A        B        C        D        E       F      G
               +--------+--------+--------+--------+--------+-----+--------+
         Total |   6979 |   6805 |    174 |   2264 |   3693 |   6 | 1163.2 |
       Dungeon |   6979 |   6805 |    174 |   2264 |   3693 |   6 | 1163.2 |
               +--------+--------+--------+--------+--------+-----+--------+

Top non-repeatable levels by time:
     D:1: 1546 daAuts
     D:3: 1541 daAuts
     D:4: 1274 daAuts
     D:5: 954 daAuts
     D:2: 897 daAuts
     D:6: 764 daAuts
